 Dungeon Crawl Stone Soup version 0.23.0-38-g208d714 (webtiles) character file.

Game seed: 0

19401 Hasart the Destroyer (level 12, -10/59 HPs)
             Began as a Deep Elf Earth Elementalist on Feb 27, 2019.
             Was a Priest of Vehumet.
             Killed from afar by a manticore (16 damage)
             ... with a volley of spikes
             ... on level 13 of the Dungeon.
             The game lasted 00:44:01 (15519 turns).

Hasart the Destroyer (Deep Elf Earth Elementalist) Turns: 15519, Time: 00:44:02

Health: -10/59     AC: 12    Str:  5    XL:     12   Next: 36%
Magic:  7/30       EV: 16    Int: 31    God:    Vehumet [***...]
Gold:   890        SH:  0    Dex: 15    Spells: 24/36 levels left

rFire    + . .     SeeInvis .   B - +8 lance "Wyrmbane" {slay drac, rPois rF+ rC+ AC+3}
rCold    + . .     Gourm    .   (no shield)
rNeg     . . .     Faith    .   u - +2 robe {MR+}
rPois    +         Spirit   .   (no helmet)
rElec    .         Reflect  .   F - +2 cloak
rCorr    .         Harm     .   o - +1 pair of gloves
MR       ++...                  (no boots)
Stlth    ++........             (no amulet)
HPRegen  0.19/turn              m - +5 ring of intelligence
MPRegen  0.22/turn              (no ring)

@: barbed spikes
A: no striking features
a: Renounce Religion


You were on level 13 of the Dungeon.
You worshipped Vehumet.
Vehumet was most pleased with you.
You were not hungry.

You visited 2 branches of the dungeon, and saw 14 of its levels.

You collected 890 gold pieces.

Inventory:

Hand Weapons
 t - the +6 triple sword "Ikoocee" {slice, rPois SInv}
   (You found it on level 7 of the Dungeon)

   It inflicts extra damage upon your enemies.
   It protects you from poison.
   It lets you see invisible.
 B - the +8 lance "Wyrmbane" (weapon) {slay drac, rPois rF+ rC+ AC+3}
   (You found it on level 7 of the Dungeon)

   It affects your AC (+3).
   It protects you from fire.
   It protects you from cold.
   It protects you from poison.
Missiles
 x - 162 stones (quivered)
Armour
 o - a +1 pair of gloves (worn)
 u - a +2 robe of magic resistance (worn)
 F - a +2 cloak (worn)
 G - a +0 buckler
Jewellery
 m - a +5 ring of intelligence (left hand)
 I - an uncursed ring of magical power
Wands
 a - a wand of random effects (15)
 z - a wand of iceblast (16)
 A - a wand of digging (11)
 D - a wand of paralysis (7)
Scrolls
 b - a scroll of vulnerability {unknown}
 c - 2 scrolls of enchant weapon {unknown}
 e - 2 scrolls of random uselessness {unknown}
 g - 17 scrolls of identify {unknown}
 h - a scroll of noise {unknown}
 s - 3 scrolls of amnesia {unknown}
 w - 2 scrolls of fear {unknown}
 y - 3 scrolls of remove curse
 C - a scroll of fog {unknown}
 E - a scroll of torment {unknown}
 H - a scroll of brand weapon {unknown}
Potions
 f - 3 potions of agility {unknown}
 i - a potion of haste
 j - 5 potions of berserk rage {unknown}
 k - 2 potions of resistance {unknown}
 l - 4 potions of heal wounds {unknown}
 n - a potion of flight {unknown}
 p - 5 potions of brilliance {unknown}
 q - 6 potions of curing {unknown}
 r - a potion of lignification {unknown}
 v - 2 potions of might {unknown}
Comestibles
 d - 18 rations


   Skills:
 - Level 4.0 Polearms
 - Level 6.0 Dodging
 - Level 2.4 Stealth
 + Level 2.7 Shields
 + Level 12.5 Spellcasting
 * Level 13.8 Conjurations
   Level 1.1 Transmutations
 + Level 11.3 Earth Magic


You had 24 spell levels left.
You knew the following spells:

 Your Spells              Type           Power        Failure   Level  Hunger
a - Stone Arrow           Conj/Erth      ######       1%          3    None
b - Sandblast             Erth           ######       1%          1    None
c - Lee's Rapid Deconstr  Erth           ######....   1%          5    #......
d - Mephitic Cloud        Conj/Pois/Air  #####...     1%          3    None

Your spell library contained the following spells:

 Spells                   Type           Power        Failure   Level  Hunger
 Conjure Flame            Conj/Fire      ######..     1%          3    None
 Sting                    Conj/Pois      ####         1%          1    None
 Passwall                 Tmut/Erth      ######..     1%          2    None
 Dazzling Spray           Conj/Hex       ######       1%          3    None
 Petrify                  Tmut/Erth      ######..     1%          4    None
 Venom Bolt               Conj/Pois      ######....   1%          5    #......
 Animate Skeleton         Necr           N/A          2%          1    None
 Apportation              Tloc           ###...       2%          1    None
 Confusing Touch          Hex            ###...       2%          1    None
 Corona                   Hex            ###....      2%          1    None
 Summon Small Mammal      Summ           ###.         2%          1    None
 Inner Flame              Hex/Fire       ###.....     2%          3    None
 Leda's Liquefaction      Hex/Erth       ######....   2%          4    None
 Ensorcelled Hibernation  Hex/Ice        ###...       3%          2    None
 Poisonous Vapours        Pois/Air       ###...       3%          2    None
 Slow                     Hex            ###.....     3%          2    None
 Olgreb's Toxic Radiance  Pois           ###.....     7%          4    None
 Confuse                  Hex            ###.....     8%          3    None
 Portal Projectile        Hex/Tloc       ###...       8%          3    None
 Tukima's Dance           Hex            ###.....     8%          3    None
 Cause Fear               Hex            ###.......   26%         4    None


Dungeon Overview and Level Annotations

Branches:
Dungeon (13/15)            Temple (1/1) D:4            Lair (0/6) D:9
    Orc (0/2) D:11
 Vaults: D:13-14

Altars:
Ashenzari
Cheibriados
Dithmenos
Elyvilon
Fedhas
Gozag
Hepliaklqana
Kikubaaqudgha
Makhleb
Nemelex Xobeh
Okawaru
Qazlal
Ru
Sif Muna
Trog
Uskayaw
Vehumet
Wu Jian
Xom
Yredelemnul
Zin
The Shining One
Beogh

Shops:
D:7 (

Annotations:
D:2 1 runed translucent door, Crazy Yiuf
D:4 3 runed translucent doors, MovingMist's ghost, amateur DrAE


Message History

Found a fizzy pink potion.
Found an escape hatch in the floor.
You see here a wand of acid (8).
A manticore comes into view.
A slime creature comes into view.
You see here a bullfrog corpse.
Okay, then.
Okay, then.
Casting: Lee's Rapid Deconstruction (safe; 1% risk of failure)
Confirm with . or Enter, or press ? or * to list all spells.
Aiming: Lee's Rapid Deconstruction (safe; 1% risk of failure)
Press: ? - help, Dir - move target cursor A rock wall.
The wall shatters!
The blast of rock fragments hits the manticore!
The manticore is lightly wounded.
The manticore flicks its tail.
The volley of spikes hits you!
The barbed spikes become lodged in your body.
You die...

....# ...#
.a## #J.#
#..# #T.#
#/.#
####..#####
#..@.......#
#..........#
#..........#
###.!#######
#H.# #>.#
#J.# #..#


You could see a slime creature, a manticore, a troll, a jelly and a worker ant.

Vanquished Creatures
  3 two-headed ogres
  A centaur warrior (D:10)
  2 unseen horrors (D:10)
  3 cyclopes
  An ugly thing (D:11)
  4 slime creatures
  Psyche (D:9)
  A gargoyle (D:11)
  A komodo dragon (D:7)
  A troll (D:10)
  A hornet (D:10)
  2 hippogriffs
  A wraith (D:12)
  A shadow (D:11)
  A water elemental (D:12)
  2 wyverns
  10 yaks
  2 steam dragons
  A vampire (D:10)
  A hungry ghost (D:12)
  8 vampire mosquitoes
  4 wargs (D:11)
  A water moccasin (D:8)
  3 ice beasts
  3 orc warriors (D:10)
  3 sky beasts
  A black bear (D:5)
  8 ogres
  A phantom (D:4)
  A necrophage (D:11)
  13 centaurs
  A crocodile (D:8)
  2 big kobolds
  8 bullfrogs
  A gnoll sergeant (D:9)
  5 scorpions
  7 killer bees
  3 howler monkeys (D:10)
  2 bullfrog zombies
  4 crimson imps
  3 quasits
  3 centaur zombies
  5 orc wizards
  10 hounds
  5 jellies
  6 centaur skeletons
  9 orc priests
  4 iguanas
  Jessica (D:3)
  A bullfrog skeleton (D:10)
  11 worker ants
  A statue (D:9)
  2 worker ant zombies
  Robin (D:4)
  4 gnolls (D:4)
  A howler monkey zombie (D:7)
  A howler monkey skeleton (D:10)
  13 adders
  3 shadow imps (D:7)
  An ooze (D:1)
  An adder zombie (D:7)
  3 worms
  5 dart slugs
  4 leopard geckos
  52 orcs
  6 bats
  11 giant cockroaches
  15 goblins
  12 hobgoblins
  6 jackals (D:5)
  3 quokkas
  A ball python (D:4)
  4 frilled lizards
  15 kobolds
  2 leopard gecko skeletons
  13 rats
357 creatures vanquished.

Vanquished Creatures (others)
  A quokka (D:7)
  3 plants (D:12)
4 creatures vanquished.

Grand Total: 361 creatures vanquished

Notes
Turn   | Place    | Note
-------+----------+-------------------------------------------
     0 | D:1      | Hasart the Deep Elf Earth Elementalist began the quest for
                  | the Orb.
     0 | D:1      | Reached XP level 1. HP: 10/10 MP: 6/6
   260 | D:1      | Reached XP level 2. HP: 14/15 MP: 6/8
   478 | D:1      | Reached XP level 3. HP: 15/19 MP: 6/10
  1361 | D:2      | Reached XP level 4. HP: 18/24 MP: 5/11
  1582 | D:2      | Found a faded altar of an unknown god.
  1628 | D:2      | Found a runed translucent door.
  1629 | D:2      | Noticed Crazy Yiuf
  1717 | D:3      | You fall through a shaft for 2 floors!
  1717 | D:5      | Entered Level 5 of the Dungeon
  1750 | D:4      | Reached skill level 5 in Earth Magic
  1750 | D:4      | Reached XP level 5. HP: 25/28 MP: 7/13
  1777 | D:4      | Learned a level 3 spell: Stone Arrow
  1783 | D:4      | Learned a level 5 spell: Lee's Rapid Deconstruction
  1846 | D:4      | Found a runed translucent gate.
  1847 | D:4      | Found a runed translucent gate.
  1848 | D:4      | Found a runed translucent gate.
  1984 | D:4      | Reached skill level 1 in Conjurations
  2000 | D:4      | Noticed MovingMist's ghost (amateur DrAE)
  2013 | D:4      | Reached skill level 2 in Conjurations
  2024 | D:4      | Reached XP level 6. HP: 32/32 MP: 8/15
  2106 | D:4      | Reached skill level 5 in Spellcasting
  2214 | D:4      | Found a staircase to the Ecumenical Temple.
  2228 | Temple   | Entered the Ecumenical Temple
  2305 | D:4      | Reached skill level 3 in Conjurations
  2376 | D:4      | Noticed Robin
  2382 | D:4      | Killed Robin
  2499 | D:4      | Found a stormy altar of Qazlal.
  2499 | D:4      | Found an opulent altar of Gozag.
  2594 | D:4      | Reached XP level 7. HP: 36/36 MP: 12/17
  3064 | D:3      | Noticed Jessica
  3068 | D:3      | Killed Jessica
  3068 | D:3      | Reached skill level 4 in Conjurations
  3076 | D:3      | Reached skill level 5 in Dodging
  4358 | D:5      | Found a glowing golden altar of the Shining One.
  4789 | D:6      | Reached skill level 5 in Conjurations
  4806 | D:6      | Reached XP level 8. HP: 33/41 MP: 7/19
  5232 | D:6      | Reached skill level 6 in Conjurations
  5805 | D:5      | Reached skill level 7 in Conjurations
  6185 | D:7      | Found an iron altar of Okawaru.
  6395 | D:7      | Found a white marble altar of Elyvilon.
  6740 | D:7      | Reached XP level 9. HP: 45/45 MP: 18/22
  7146 | D:7      | Learned a level 3 spell: Mephitic Cloud
  7162 | D:7      | Noticed a komodo dragon
  7163 | D:7      | Reached skill level 8 in Conjurations
  7263 | D:7      | Noticed a two-headed ogre
  7268 | D:7      | Killed a two-headed ogre
  7268 | D:7      | Reached skill level 9 in Conjurations
  7341 | D:7      | Killed a komodo dragon
  7412 | D:7      | Found the +8 lance "Wyrmbane" {slay drac, rPois rF+ rC+
                  | AC+3}
  7422 | D:7      | Got a dazzling triple sword
  7433 | D:7      | Identified the +6 triple sword "Ikoocee" {slice, rPois
                  | SInv} (You found it on level 7 of the Dungeon)
  7440 | D:7      | Upgraded the game from 0.23.0-33-g5e6c059 to
                  | 0.23.0-38-g208d714
  7609 | D:7      | Found Nanof's Antique Weapon Shoppe.
  7961 | D:8      | Reached skill level 1 in Polearms
  7964 | D:8      | Reached XP level 10. HP: 50/50 MP: 15/25
  7966 | D:8      | Noticed a two-headed ogre
  8183 | D:8      | Reached skill level 10 in Conjurations
  8375 | D:8      | Killed a two-headed ogre
  8711 | D:9      | Found a staircase to the Lair.
  8799 | D:9      | Noticed Psyche
  8802 | D:9      | Killed Psyche
  8802 | D:9      | Reached skill level 10 in Spellcasting
  9457 | D:9      | Found a radiant altar of Vehumet.
  9465 | D:9      | Became a worshipper of Vehumet
  9654 | D:9      | Reached skill level 11 in Conjurations
  9859 | D:9      | Found a shimmering altar of Xom.
  9939 | D:10     | Entered Level 10 of the Dungeon
 10302 | D:10     | Reached * piety under Vehumet
 10302 | D:10     | Offered knowledge of Flame Tongue by Vehumet.
 10761 | D:10     | Noticed an unseen horror
 10764 | D:10     | Killed an unseen horror
 10764 | D:10     | Reached XP level 11. HP: 54/54 MP: 24/27
 10889 | D:10     | Noticed a centaur warrior
 11027 | D:10     | Killed a centaur warrior
 11027 | D:10     | Reached skill level 10 in Earth Magic
 11155 | D:10     | HP: 1/54 [orc warrior/+0 long sword (11)]
 11562 | D:10     | Reached skill level 12 in Conjurations
 11784 | D:10     | Noticed an unseen horror
 11786 | D:10     | Killed an unseen horror
 12143 | D:10     | Found a roughly hewn altar of Beogh.
 12148 | D:10     | Offered knowledge of Throw Flame by Vehumet.
 12148 | D:10     | Reached ** piety under Vehumet
 13225 | D:11     | Found a staircase to the Orcish Mines.
 13640 | D:11     | Noticed a red ugly thing
 13645 | D:11     | Killed a red ugly thing
 13742 | D:11     | Reached skill level 13 in Conjurations
 13836 | D:11     | Offered knowledge of Conjure Flame by Vehumet.
 13836 | D:11     | Reached skill level 1 in Shields
 14307 | D:12     | Reached XP level 12. HP: 29/59 MP: 8/30
 14810 | D:12     | Reached *** piety under Vehumet
 14816 | D:12     | Found a hide-covered altar of Uskayaw.
 15494 | D:12     | Noticed a two-headed ogre
 15497 | D:12     | Killed a two-headed ogre
 15519 | D:13     | Killed from afar by a manticore

Skill      XL: |  1  2  3  4  5  6  7  8  9 10 11 12 |
---------------+-------------------------------------+-----
Earth Magic    | 4 5 6 7 8 9 10 11 | 11.3
Dodging        | 3 4 5 6 |  6.0
Spellcasting   | 4 5 6 7 9 10 12 | 12.5
Conjurations   | 2 3 5 7 9 11 13 | 13.8
Polearms       | 1 3 4 |  4.0
Shields        | 1 2 |  2.7
Stealth        | |  2.4
Transmutations | |  1.1

Action                   |  1- 3 |  4- 6 |  7- 9 | 10-12 || total
-------------------------+-------+-------+-------+-------++-------
Melee: Dagger            |    88 |    73 |       |       ||   161
       Quarterstaff      |       |     8 |    62 |       ||    70
       Lance             |       |       |    42 |    20 ||    62
       Triple sword      |       |       |       |    17 ||    17
 Cast: Sandblast         |    40 |    57 |     6 |       ||   103
       Lee's Rapid Decon |       |     1 |     3 |    64 ||    68
       Stone Arrow       |       |       |   117 |   213 ||   330
       Mephitic Cloud    |       |       |     3 |       ||     3
  Use: Scroll            |       |       |     4 |     3 ||     7
 Stab: Sleeping          |     6 |       |     1 |       ||     7
  Eat: Chunk             |     1 |     5 |    17 |    26 ||    49
Armor: Robe              |    17 |    26 |    50 |    47 ||   140
Dodge: Dodged            |    84 |    70 |   131 |   145 ||   430
       Rpst.: Triple sword |       |       |       |    11 ||    11
